 Dungeon Crawl Stone Soup version 0.17.1-3-g152610e (webtiles) character file.

35007 Goblin1989 the Severer (level 13, -1/122 HPs)
             Began as a Deep Dwarf Gladiator on Apr 29, 2016.
             Was an Elder of Ru.
             Slain by an 11-headed hydra (2 damage)
             ... on level 14 of the Dungeon on May 1, 2016.
             The game lasted 01:25:18 (13775 turns).

Goblin1989 the Severer (Deep Dwarf Gladiator)      Turns: 13775, Time: 01:25:19

Health: -1/122     AC: 17    Str: 27    XL:     13   Next: 45%
Magic:  0/0        EV:  9    Int: 11    God:    Ru [****..]
Gold:   2231       SH:  0    Dex: 17    Spells: 0 memorised, 12 levels left

rFire  . . .     SeeInvis .     C - +6 battleaxe (freeze)
rCold  . . .     Clarity  .     o - +0 plate armour
rNeg   . . .     SustAt   .     (shield currently unavailable)
rPois  .         Gourm    .     c - +0 helmet
rElec  +         Spirit   +     (no cloak)
rCorr  .         Warding  .     (no gloves)
rMut   .         Stasis   .     v - +0 pair of boots
MR     +++..                    L - amulet of the Firefly {Spirit rElec MR++}
Stlth  ..........               y - +5 ring of strength
                                E - +4 ring of dexterity

@: exhausted, non-regenerating, drained, extremely resistant to hostile
enchantments, extremely unstealthy
A: damage resistance, recharge devices, sense surroundings 2, slow regeneration
3, no stealth, hated by all, no air magic, no conjurations magic, no
transmutations magic, inexperienced 1
a: Device Recharging, Draw Out Power, Power Leap, Renounce Religion


You were on level 14 of the Dungeon.
You worshipped Ru.
Ru was greatly pleased with you.
You were hungry.

You visited 4 branches of the dungeon, and saw 21 of its levels.
You also visited: Labyrinth.

You collected 2231 gold pieces.

Inventory:

Hand Weapons
 u - a +2 whip of electrocution
 C - a +6 battleaxe of freezing (weapon)
Missiles
 F - 2 throwing nets (quivered)
Armour
 c - a +0 helmet (worn)
 j - a +0 scale mail of cold resistance
 o - a +0 plate armour (worn)
 v - a +0 pair of boots (worn)
Jewellery
 h - an uncursed ring of poison resistance
 y - a +5 ring of strength (right hand)
 D - an uncursed ring of see invisible
 E - a +4 ring of dexterity (left hand)
 G - an uncursed ring of sustain attributes
 I - an uncursed ring of protection from magic
 L - the amulet of the Firefly (around neck) {Spirit rElec MR++}
   (You found it on level 11 of the Dungeon)

   [amulet of guardian spirit]

   It causes incoming damage to be split between your health and magic.
   It insulates you from electricity.
   It affects your resistance to hostile enchantments.
Wands
 d - a wand of random effects (14)
 e - a wand of heal wounds (2)
 s - a wand of polymorph (13)
Scrolls
 g - 3 scrolls of amnesia
 l - 5 scrolls of fog
 m - 4 scrolls of enchant armour
 p - a scroll of immolation
 H - 2 scrolls of identify
 J - a scroll of silence {unknown}
 M - 2 scrolls of magic mapping
 O - a scroll of brand weapon {unknown}
 P - 2 scrolls of remove curse
Potions
 a - 2 potions of brilliance
 i - 3 potions of curing
 q - a potion of resistance
 w - a potion of lignification
 B - a potion of cancellation
Miscellaneous
 Q - a lamp of fire (inert)
 S - a plain deck of destruction {drawn: 5}
Comestibles
 b - 2 beef jerkies
 f - 8 bread rations
 t - 28 fruits
 z - 3 slices of pizza
 A - 2 meat rations
 N - 6 royal jellies


   Skills:
 + Level 9.7(8.9) Fighting
 * Level 18.1(17.1) Axes
 - Level 1.7(1.0) Throwing
 + Level 11.4(10.5) Armour
 - Level 3.2(2.5) Dodging
 - Level 8.8(7.9) Evocations


You had 12 spell levels left.
You didn't know any spells.

Dungeon Overview and Level Annotations

Branches:
Dungeon (14/15)            Temple (1/1) D:5            Lair (2/8) D:11
    Orc (4/4) D:11            Elf (0/3) Orc:4
 Vaults: D:13-14

Altars:
Ashenzari
Dithmenos
Fedhas
Gozag
Kikubaaqudgha
Makhleb
Nemelex Xobeh
Okawaru
Qazlal
Ru
Vehumet
Xom
Yredelemnul
The Shining One
Beogh

Shops:
D:10 %   D:12 :   Orc:4 [

Annotations:
D:3 Goblin1989's ghost, weakling DsGl
D:6 Prince Ribbit
D:9 exclusion: statue
D:13 exclusion: 4 oklob plants
Orc:4 Azrael


Innate Abilities, Weirdness & Mutations

You are resistant to damage.
You can recharge devices by infusing magical energy.
You passively map the area around you.
You do not regenerate naturally.
You cannot be stealthy.
You are hated by all.
You cannot study or cast Air magic.
You cannot study or cast Conjurations magic.
You cannot study or cast Transmutations magic.
You are somewhat inexperienced (-2 XL).


Message History

The ten-headed hydra seems to slow down.
You slice the air elemental!! You freeze the air elemental!
You destroy the air elemental!
Unknown command.
You lop one of the ten-headed hydra's heads off!
The nine-headed hydra grows two more!
You slash the 11-headed hydra! You freeze the 11-headed hydra.
The 11-headed hydra bites you.
* * * LOW HITPOINT WARNING * * *
The 11-headed hydra bites you!
* * * LOW HITPOINT WARNING * * *
The 11-headed hydra bites you but does no damage.
The 11-headed hydra closely misses you. x2
The 11-headed hydra bites you!
* * * LOW HITPOINT WARNING * * *
The 11-headed hydra bites you but does no damage.
The 11-headed hydra bites you. x2
* * * LOW HITPOINT WARNING * * *
The 11-headed hydra bites you but does no damage.
The 11-headed hydra bites you.
You die...

#:# *.# * *
#####:# *.# ** ,
* #.>...# .# *
**, ,* #.#####
.# , * #.# *D# ,
, #§# * *, * . *
##§## , , ,..
#..E######.# , ,
..##.###D@§§§..#
* , , ...
#[#####§# , , *
..##.###.# * **
,*#. #...<..# *
, , *#.......#§#
* , #####.###§#
* * , #.* #§§ ,
* #, ####, * **
**,* * , , , ,


You could see a 11-headed hydra (inner flame) and an air elemental.

Vanquished Creatures
  Rupert (D:12)
  Maud (Orc:4)
  3 centaur warriors (D:13)
  Erica (D:8)
  2 dancing weapons (D:14)
  Nergalle (Orc:1)
  An anubis guard (shapeshifter) (D:13)
  2 unseen horrors (D:11)
  Pikel (D:8)
  12 hill giants
  A wolf spider (D:13)
  2 ugly things
  A hornet (D:13)
  2 griffons (D:13)
  2 manticores
  3 cyclopes
  An elephant (D:11)
  Joseph (D:8)
  A kobold demonologist (D:13)
  A queen bee (D:13)
  A fire drake (Lair:2)
  A yaktaur (Lair:2)
  5 trolls
  2 two-headed ogres
  5 blink frogs (Lair:1)
  A centaur simulacrum (D:13)
  Sigmund (D:4)
  A wraith (D:13)
  A basilisk (Lair:1)
  2 deep elf magi
  A wyvern (D:11)
  5 hippogriffs
  A mottled dragon (D:11)
  4 wargs
  A swamp drake (D:8)
  2 water moccasins
  3 slaves (D:8)
  A porcupine (Lair:2)
  5 sky beasts
  5 black bears
  A necrophage (D:11)
  10 orc warriors
  5 ice beasts
  12 ogres
  8 centaurs
  Blork the orc (D:4)
  16 giant frogs
  10 big kobolds
  39 killer bees
  3 scorpions
  12 wights
  5 centaur zombies
  2 giant frog zombies
  24 orc priests
  A quasit (D:12)
  8 crimson imps
  5 centaur skeletons
  4 hounds
  4 jellies
  A giant frog skeleton (D:6)
  6 worker ants
  5 iguanas
  19 orc wizards
  2 sheep (D:11)
  13 adders
  7 gnolls
  2 river rats (Lair:2)
  3 shadow imps
  3 adder skeletons
  An adder zombie (D:9)
  3 worms (D:2)
  3 giant geckos
  158 orcs
  4 giant cockroaches
  7 goblins
  6 hobgoblins
  7 jackals
  15 kobolds
  3 quokkas
  9 bats
  3 giant gecko skeletons
  A goblin skeleton (D:4)
  4 hobgoblin zombies (D:4)
  A jackal zombie (D:7)
  A kobold skeleton (D:4)
  An orc skeleton (D:4)
  2 orc zombies (D:4)
  A quokka zombie (D:5)
  11 rats
560 creatures vanquished.

Vanquished Creatures (others)
  A minotaur (Lab)
  A slave (D:8)
  A killer bee (D:13)
  A giant frog zombie (D:12)
  An orc wizard (Orc:1)
  An orc (Orc:1)
  A fungus (Lair:1)
7 creatures vanquished.

Grand Total: 567 creatures vanquished

Notes
Turn   | Place    | Note
--------------------------------------------------------------
     0 | D:1      | Goblin1989 the Deep Dwarf Gladiator began the quest for the Orb.
     0 | D:1      | Reached XP level 1. HP: 19/19 MP: 1/1
   309 | D:1      | Reached XP level 2. HP: 23/26 MP: 2/2
   339 | D:1      | Reached skill level 4 in Axes
  1111 | D:2      | Found a shimmering altar of Xom.
  1225 | D:2      | Reached XP level 3. HP: 24/32 MP: 3/3
  1287 | D:2      | Reached skill level 5 in Axes
  1327 | D:2      | ololoev: yo
  1332 | D:2      | Goblin1989: yo
  1342 | D:2      | ololoev: табтабтаб
  1361 | D:2      | Goblin1989: ага
  1413 | D:2      | Reached XP level 4. HP: 26/39 MP: 4/4
  1564 | D:2      | Found a stormy altar of Qazlal.
  1566 | D:2      | Noticed an earth elemental
  1567 | D:2      | Noticed a fire elemental
  1567 | D:2      | Noticed a water elemental
  1567 | D:2      | Noticed an air elemental
  1856 | D:3      | Reached skill level 6 in Axes
  1935 | D:3      | Reached XP level 5. HP: 33/45 MP: 4/4
  2078 | D:3      | ololoev: зиговать будешь?
  2078 | D:3      | Goblin1989: yt
  2078 | D:3      | Goblin1989: no
  2078 | D:3      | Goblin1989: рю хочу взять попробовать
  2180 | D:3      | Reached skill level 7 in Axes
  2294 | D:3      | Found an iron altar of Okawaru.
  2357 | D:3      | Found a burning altar of Makhleb.
  2357 | D:3      | Found a shimmering altar of Xom.
  2370 | D:3      | Reached XP level 6. HP: 36/52 MP: 5/5
  2424 | D:3      | Noticed Goblin1989's ghost (weakling DsGl)
  2550 | D:4      | Noticed Sigmund
  2556 | D:4      | Killed Sigmund
  2556 | D:4      | Reached skill level 8 in Axes
  2755 | D:4      | Found a glowing golden altar of the Shining One.
  2768 | D:4      | Reached XP level 7. HP: 50/58 MP: 6/6
  2997 | D:4      | You fall through a shaft for 2 floors!
  3053 | D:6      | Noticed Prince Ribbit
  3065 | D:5      | Entered Level 5 of the Dungeon
  3065 | D:5      | Noticed Blork the orc
  3083 | D:4      | Killed Blork the orc
  3083 | D:4      | Reached skill level 9 in Axes
  3301 | D:5      | Reached skill level 10 in Axes
  3527 | D:5      | Found a blossoming altar of Fedhas.
  3638 | D:5      | Found a staircase to the Ecumenical Temple.
  3751 | Temple   | Entered the Ecumenical Temple
  3759 | Temple   | Became a worshipper of Ru the Awakened
  4095 | D:6      | Reached XP level 8. HP: 44/66 MP: 6/6
  4607 | D:7      | Reached skill level 11 in Axes
  4796 | D:7      | Found a basalt altar of Yredelemnul.
  4803 | D:7      | Reached skill level 1 in Armour
  5308 | D:8      | Reached skill level 12 in Axes
  5327 | D:8      | Gained mutation: You passively map the area around you. [Deep Dwarf growth]
  5327 | D:8      | Reached XP level 9. HP: 42/76 MP: 5/5
  5505 | D:8      | Noticed Joseph
  5522 | D:8      | Killed Joseph
  5689 | D:8      | Noticed Erica
  5721 | D:8      | Killed Erica
  5721 | D:8      | Reached skill level 13 in Axes
  5721 | D:8      | Reached skill level 5 in Armour
  5982 | D:8      | Noticed Pikel
  5990 | D:8      | Reached XP level 10. HP: 43/87 MP: 4/4
  6009 | D:8      | Killed Pikel
  6009 | D:8      | Reached skill level 5 in Fighting
  6254 | D:9      | Noticed a hill giant
  6346 | D:9      | Killed a hill giant
  6397 | D:9      | Reached skill level 14 in Axes
  6681 | D:9      | Found a radiant altar of Vehumet.
  6753 | D:9      | ololoev: экспа самый норм из этого
  6753 | D:9      | Gained mutation: You are somewhat inexperienced (-2 XL). [Ru sacrifice]
  6753 | D:9      | Reached XP level 9. HP: 80/82 MP: 0/0
  6753 | D:9      | Reached XP level 8. HP: 76/76 MP: 0/0
  6753 | D:9      | Reached * piety under Ru
  6989 | D:9      | Goblin1989: ага
  7032 | D:10     | Entered Level 10 of the Dungeon
  7108 | D:10     | Noticed a centaur skeleton
  7122 | D:10     | Killed a centaur skeleton
  7122 | D:10     | Reached skill level 1 in Evocations
  7147 | D:10     | Reached XP level 9. HP: 70/82 MP: 1/1
  7176 | D:10     | Noticed a hill giant
  7188 | D:10     | Killed a hill giant
  7262 | D:10     | Found Awets's Food Shop.
  7413 | D:10     | Noticed a centaur skeleton
  7427 | D:10     | Killed a centaur skeleton
  7513 | D:10     | Noticed a hill giant
  7524 | D:10     | Killed a hill giant
  7597 | D:11     | Reached XP level 10. HP: 66/92 MP: 3/3
  7665 | D:11     | Found a staircase to the Orcish Mines.
  7861 | D:11     | Killed an unseen horror
  7899 | D:11     | Noticed a hill giant
  7911 | D:11     | Killed a hill giant
  7911 | D:11     | Reached skill level 15 in Axes
  8074 | D:11     | Got a brightly glowing brass amulet
  8077 | D:11     | Noticed a centaur zombie
  8095 | D:11     | Killed a centaur zombie
  8116 | D:11     | Noticed an elephant
  8123 | D:11     | ololoev: сакрифайс сделай
  8123 | D:11     | Killed an unseen horror
  8123 | D:11     | Reached skill level 5 in Evocations
  8130 | D:11     | Killed an elephant
  8134 | D:11     | ololoev: во, артифайс
  8134 | D:11     | Gained mutation: You cannot be stealthy. [Ru sacrifice]
  8134 | D:11     | Reached ** piety under Ru
  8135 | D:11     | Goblin1989: потом
  8135 | D:11     | Goblin1989: может он и не потребуется
  8144 | D:11     | ololoev: хотя конечно я не любитель сакрифайсить артифайс за дд
  8158 | D:11     | Goblin1989: ну он мне может дать **** где-то
  8158 | D:11     | Goblin1989: учитывая что я его сейчас качаю
  8158 | D:11     | Goblin1989: но он полезней будет, однако
  8226 | D:11     | Found a staircase to the Lair.
  8465 | D:11     | Reached XP level 11. HP: 60/100 MP: 5/5
  8546 | D:11     | Noticed a hill giant
  8557 | D:11     | Killed a hill giant
  8767 | D:12     | Identified the amulet of the Firefly {Spirit rElec MR++} (You found it on level 11 of the Dungeon)
  8796 | D:12     | Noticed Rupert
  8824 | D:12     | Killed Rupert
  8981 | D:12     | Noticed a hill giant
  8989 | D:12     | Killed a hill giant
  9008 | D:12     | Noticed a hill giant
  9010 | D:12     | Found Gimmuhiro's Book Shop.
  9025 | D:12     | Killed a hill giant
  9025 | D:12     | Reached skill level 16 in Axes
  9309 | D:12     | Found a blossoming altar of Fedhas.
  9431 | D:10     | Noticed a centaur zombie
  9446 | D:10     | Killed a centaur zombie
  9620 | Lair:1   | Entered Level 1 of the Lair of Beasts
  9820 | Lair:1   | Noticed an eight-headed hydra
  9860 | Lair:1   | Noticed an eight-headed hydra
  9894 | Lair:2   | Noticed an eight-headed hydra
  9931 | Lair:2   | Noticed a six-headed hydra
  9946 | Lair:2   | HP: 5/103 [elephant (7)]
 10043 | Lair:1   | Reached XP level 12. HP: 55/110 MP: 3/3
 10095 | Orc:1    | Entered Level 1 of the Orcish Mines
 10110 | Orc:1    | Noticed Nergalle
 10155 | Orc:1    | Killed Nergalle
 11565 | Orc:4    | Entered Level 4 of the Orcish Mines
 11655 | Orc:4    | Found a staircase to the Elven Halls.
 11769 | Orc:4    | Found a roughly hewn altar of Beogh.
 11785 | Orc:4    | Gained mutation: You cannot study or cast Air magic. [Ru sacrifice]
 11785 | Orc:4    | Gained mutation: You cannot study or cast Transmutations magic. [Ru sacrifice]
 11785 | Orc:4    | Gained mutation: You cannot study or cast Conjurations magic. [Ru sacrifice]
 11785 | Orc:4    | Reached *** piety under Ru
 11790 | Orc:4    | Found Sitaopes's Armour Shoppe.
 11846 | Orc:4    | Noticed Maud
 11870 | Orc:4    | Killed Maud
 11870 | Orc:4    | Reached skill level 10 in Armour
 12062 | Orc:4    | Found a roughly hewn altar of Beogh.
 12137 | Orc:4    | Reached skill level 17 in Axes
 12158 | Orc:4    | Found a roughly hewn altar of Beogh.
 12203 | Orc:4    | Noticed Azrael
 12317 | D:13     | Noticed a centaur warrior
 12326 | D:13     | Killed a centaur warrior
 12518 | D:13     | Found a labyrinth entrance.
 12543 | Lab      | Entered a labyrinth
 12695 | Lab      | Noticed a minotaur
 12702 | Lab      | Killed a minotaur
 12738 | Lab      | Identified the Collected Works on Bewitchment
 12739 | Lab      | Got a shimmering ring mail
 12750 | Lab      | Identified the +2 ring mail of Mumblety Peg {rPois rF- Stlth+} (You found it in a labyrinth)
 12890 | D:13     | Got a transparent war axe
 12891 | D:13     | Identified the +5 war axe "Pioguurgh" {drain, rElec rPois Int-4 Dex-5} (You found it on level 13 of the Dungeon)
 13040 | D:13     | Noticed a centaur warrior
 13040 | D:13     | Noticed a centaur warrior
 13059 | D:13     | Killed a centaur warrior
 13064 | D:13     | Reached XP level 13. HP: 41/121 MP: 1/1
 13080 | D:13     | Killed a centaur warrior
 13125 | D:13     | Gained mutation: You are hated by all. [Ru sacrifice]
 13125 | D:13     | Reached **** piety under Ru
 13694 | D:14     | Reached skill level 18 in Axes
 13775 | D:14     | HP: 2/122 [11-headed hydra (10)]
 13775 | D:14     | Slain by an 11-headed hydra

Action                   |  1- 3 |  4- 6 |  7- 9 | 10-12 | 13-15 || total
-------------------------+-------+-------+-------+-------+-------++-------
Melee: War axe           |   110 |   166 |   618 |   426 |       ||  1320
       Battleaxe         |       |       |       |   505 |   127 ||   632
       Whip              |       |       |       |    11 |       ||    11
Throw: Throwing net      |       |       |     6 |     2 |     2 ||    10
Invok: Reject Sacrifices |       |       |     1 |     1 |       ||     2
       Sacrifice Experie |       |       |     1 |       |       ||     1
       Sacrifice Stealth |       |       |       |     1 |       ||     1
       Draw Out Power    |       |       |       |    13 |     7 ||    20
       Sacrifice Arcana  |       |       |       |     1 |       ||     1
       Sacrifice Love    |       |       |       |       |     1 ||     1
 Abil: Device Recharging |       |     1 |     5 |    12 |     1 ||    19
Evoke: Wand              |     2 |     6 |    39 |    75 |    12 ||   134
       Deck              |       |       |       |       |     5 ||     5
       Lamp of fire      |       |       |       |       |     1 ||     1
  Use: Potion            |       |     3 |     6 |     8 |       ||    17
       Scroll            |       |       |     6 |    21 |     1 ||    28
 Stab: Sleeping          |     1 |       |       |       |       ||     1
       Invisible         |       |     2 |       |       |       ||     2
       Paralysed         |       |       |     6 |    12 |       ||    18
       Distracted        |       |       |     1 |     5 |       ||     6
       Held in net/web   |       |       |     1 |       |       ||     1
  Eat: Chunk             |     2 |     3 |    11 |    14 |     2 ||    32
       Fruit             |       |     1 |       |       |       ||     1
       Meat ration       |       |       |     1 |     1 |       ||     2
       Royal jelly       |       |       |       |     1 |       ||     1
